 Dungeon Crawl Stone Soup version 0.31.0-32-g396128a36d (webtiles) character file.

Game seed: 5654905618647996076

994 Peloso the Slasher (level 7, 0/61 HPs)
             Began as a Minotaur Fighter on Apr 23, 2024.
             Slain by an iguana (10 damage)
             ... on level 5 of the Dungeon.
             The game lasted 00:07:00 (4579 turns).

Peloso the Slasher (Minotaur Fighter)               Turns: 4579, Time: 00:07:02

Health: 0/61       AC:  8    Str: 20    XL:     7   Next: 99%
Magic:  6/6        EV:  6    Int:  5    God:
Gold:   155        SH:  5    Dex: 12    Spells: 6/6 levels left

rFire   . . .        a - +0 scimitar
rCold   . . .        d - +0 buckler
rNeg    . . .        c - +0 plate armour
rPois   .            (helmet restricted)
rElec   .            (no cloak)
rCorr   .            (no gloves)
SInv    .            (no boots)
Will    .....        (no amulet) Stlth
                     t - +4 ring of protection
HPRegen 0.30/turn    (no ring)
MPRegen 0.10/turn

%: no passive effects
@: corroded
A: horns 2, retaliatory headbutt
a: no special abilities


You were on level 5 of the Dungeon.
You visited 1 branch of the dungeon, and saw 6 of its levels.

You collected 155 gold pieces.

Inventory:

Hand Weapons
 a - a +0 scimitar (weapon)
Missiles
 n - a throwing net (quivered)
Armour
 b - a +0 scale mail
 c - a +0 plate armour (worn)
 d - a +0 buckler (worn)
Jewellery
 e - a +5 ring of evasion
 i - an amulet of regeneration
 m - a +6 ring of dexterity
 o - a ring of resist corrosion
 t - a +4 ring of protection (left hand)
 w - a +6 ring of strength
Talismans
 r - a maw talisman
Wands
 y - a wand of flame (9)
Scrolls
 h - a scroll of fog {unknown}
 j - a scroll of vulnerability {unknown}
 q - 3 scrolls of teleportation
 s - a scroll of amnesia {unknown}
 u - a scroll of poison
Potions
 f - 2 potions of might
 g - 3 potions of cancellation
 k - a potion of curing
 l - a potion of magic
 p - a potion of ambrosia {unknown}
 v - a potion of haste {unknown}
 x - a potion of heal wounds {unknown}
 z - a potion of resistance {unknown}
 A - a potion of degeneration {unknown}


   Skills:
 + Level 5.6 Fighting
 + Level 7.8 Long Blades
 + Level 6.1 Armour
 + Level 1.6 Dodging
 + Level 5.6 Shields


You had 6 spell levels left.
You didn't know any spells.
Your spell library contained the following spells:

 Spells                   Type           Power      Damage    Failure   Level
 Apportation              Tloc           0%         N/A       100%        1
 Necrotise                Necr           0%         1d4       100%        1
 Slow                     Hex            0%         N/A       100%        1
 Sting                    Conj/Alch      0%         1d3       100%        1
 Summon Small Mammal      Summ           0%         N/A       100%        1
 Jinxbite                 Hex            0%         N/A       100%        2
 Confusing Touch          Hex            0%         N/A       100%        3
 Fugue of the Fallen      Necr           0%         N/A       100%        3
 Ozocubu's Armour         Ice            0%         N/A       100%        3
 Sigil of Binding         Hex            0%         N/A       100%        3
 Vampiric Draining        Necr           0%         2d6       100%        3
 Manifold Assault         Tloc           0%         N/A       100%        4
 Yara's Violent Unravell  Hex/Alch       0%         3d3       100%        5
 Enfeeble                 Hex            0%         N/A       100%        7


Dungeon Overview and Level Annotations

Branches:
Dungeon (6/15)
 Temple: D:4-7

Altars:

Shops:
D:1 =   D:4 [

Annotations:
D:4 2 transporters


Innate Abilities, Weirdness & Mutations

You have a pair of horns on your head.
You reflexively headbutt those who attack you in melee.


Message History

You block the iguana's attack. The iguana bites you.
* * * LOW HITPOINT WARNING * * *
The iguana barely misses you. The iguana attacks as it pursues you!
You block the iguana's attack.
Unknown command.
You barely miss the iguana.
The iguana is heavily wounded.
You block the iguana's attack. The iguana barely misses you.
You barely miss the iguana.
The iguana is heavily wounded.
The iguana bites you.
* * * LOW HITPOINT WARNING * * *
The iguana bites you!
* * * LOW HITPOINT WARNING * * *
Unknown command.
You feel better. The iguana barely misses you. You furiously retaliate!
You headbutt the iguana! The iguana barely misses you. You furiously retaliate!
You headbutt the iguana! The iguana attacks as it pursues you!
The iguana bites you but does no damage.
You block the iguana's attack.
There is a stone staircase leading up here.
The iguana bites you.
* * * LOW HITPOINT WARNING * * *
The iguana bites you.
* * * LOW HITPOINT WARNING * * *
You climb upwards.
There is a stone staircase leading down here.
You feel better. The iguana bites you!
* * * LOW HITPOINT WARNING * * *
The iguana barely misses you.
Unknown command.
You barely miss the iguana.
The iguana is almost dead.
The iguana bites you!
* * * LOW HITPOINT WARNING * * *
You block the iguana's attack.
Unknown command.
You feel better. The iguana barely misses you. The iguana bites you!
You die...

#.#......##..<..####.###
#.#.#.#####.....# #...#
#.#.#.# ###.### ###.#
#.....# #.# #.#
###.#########.########.#
#.##.................#
#.##.###########.#####
#.##.# #.l.........#
#....# #@###..#.##.#
###### #l###..#.##.# ###
######### #.#......##.#
#.. ........#
#.#.#..####.# #..
#######.#
#......####)####.. #
####.####
#........)..##....
#.......#
##...#########.##.
####.......# #...# #....
..##.......# #...# #<#..


You could see 2 iguanas.

Vanquished Creatures
  A black bear (D:5)
  An ice beast (D:5)
  A centaur (D:5)
  A phantom (D:5)
  A gnoll sergeant (D:5)
  A scorpion (D:5)
  A howler monkey (D:5)
  2 bombardier beetles
  2 jellies
  2 orc priests (D:5)
  Natasha (thrice) (D:4)
  An orc wizard (D:5)
  7 gnolls
  6 adders
  2 ufetubi (D:5)
  A dart slug (D:4)
  3 ribbon worms
  13 orcs
  9 ball pythons
  2 endoplasms
  4 giant cockroaches
  7 goblins
  3 hobgoblins
  8 jackals
  4 kobolds
  A quokka (D:4)
  2 bats
  4 frilled lizards
  3 rats
96 creatures vanquished.

Notes
Turn   | Place    | Note
-------+----------+-------------------------------------------
     0 | D:1      | Peloso the Minotaur Fighter began the quest for the Orb.
     0 | D:1      | Reached XP level 1. HP: 19/19 MP: 0/0
   138 | D:1      | Reached XP level 2. HP: 27/27 MP: 1/1
   439 | D:1      | Found Nimit Odawk's Jewellery Boutique.
   841 | D:1      | Found a faded altar of an unknown god.
   947 | D:2      | Reached skill level 3 in Long Blades
   947 | D:2      | Reached XP level 3. HP: 28/33 MP: 2/2
  2288 | D:2      | Reached XP level 4. HP: 22/40 MP: 3/3
  2374 | D:3      | Reached skill level 4 in Long Blades
  2395 | D:3      | You fall into a shaft and drop 1 floor!
  2395 | D:4      | Found Aterih's Armour Emporium.
  2412 | D:4      | Found a transporter.
  2532 | D:3      | Identified the +5 longbow of Karma {antimagic, ^Contam
                  | Will+++ Int-3 Dex+7}
  2940 | D:4      | Reached XP level 5. HP: 47/47 MP: 4/4
  3047 | D:4      | Found a transporter.
  3059 | D:4      | Noticed Natasha
  3067 | D:4      | Killed Natasha
  3277 | D:4      | Noticed Natasha
  3286 | D:4      | Killed Natasha
  3294 | D:5      | Entered Level 5 of the Dungeon
  3437 | D:5      | Reached skill level 5 in Long Blades
  3566 | D:5      | Noticed a phantom
  3573 | D:5      | Noticed a centaur
  3586 | D:5      | Killed a phantom
  3587 | D:5      | Reached skill level 5 in Armour
  3587 | D:5      | Reached XP level 6. HP: 45/55 MP: 5/5
  3593 | D:5      | Reached skill level 6 in Long Blades
  3653 | D:5      | Reached skill level 5 in Fighting
  3653 | D:5      | Reached skill level 5 in Shields
  3810 | D:4      | Noticed Natasha
  3816 | D:4      | Killed Natasha
  3817 | D:4      | Reached XP level 7. HP: 54/61 MP: 6/6
  3884 | D:5      | Reached skill level 7 in Long Blades
  4263 | D:5      | Reached skill level 1 in Dodging
  4578 | D:5      | HP: 2/61 [iguana (7)]
  4579 | D:5      | Slain by an iguana

Illustrated notes

Levels and vault maps discovered:
D:1:      dpeg_arrival_tiny_a, layout_basic, shapermc_ecumenical_altar_petra,
          serial_shops, nicolae_shop_gaudy_bauble
D:2:      layout_basic
D:3:      layout_rooms
D:4:      gammafunk_wand_slinger, layout_cave_pools, serial_shops, shop,
          small_statue_intersection, uniq_natasha
D:5:      layout_loops_cross
D:6:      layout_cave_pods, temple_hall, nicolae_zen_rock_garden, uniq_edmund,
          uniq_sigmund, uniq_maggie, uniq_pikel

Skill      XL: |  1  2  3  4  5  6  7 |
---------------+----------------------+-----
Fighting       | 4 5 |  5.6
Long Blades    | 3 4 5 6 7 |  7.8
Armour         | 4 5 6 |  6.1
Shields        | 4 5 |  5.6
Dodging        | 1 |  1.6

Action                     |  1- 3 |  4- 6 |  7- 9 || total
---------------------------+-------+-------+-------++-------
  Melee: Long sword        |   115 |    82 |       ||   197
         Headbutt          |    14 |    32 |     9 ||    55
         Scimitar          |       |    35 |    61 ||    96
    Use: Scroll            |     5 |     1 |       ||     6
         Potion            |       |       |     3 ||     3
 Armour: Scale mail        |     6 |       |       ||     6
         Plate armour      |    92 |   134 |    64 ||   290
  Dodge: Dodged            |    39 |    53 |    24 ||   116
  Block: Buckler           |    33 |    30 |    16 ||    79
